 Dungeon Crawl Stone Soup version 0.21.0-30-g47ce8e4cbb (webtiles) character file.

60120 GuyWithAPlan the Bludgeoner (level 14, -10/103 HPs)
             Began as a Red Draconian Monk on Jan 29, 2018.
             Was the Champion of Qazlal.
             Mangled by a tyrant leech (32 damage)
             ... on level 6 of the Lair of Beasts.
             The game lasted 00:57:26 (29101 turns).

GuyWithAPlan the Bludgeoner (Red Draconian Monk)   Turns: 29101, Time: 00:57:27

Health: -10/103    AC: 10    Str: 18    XL:     14   Next: 55%
Magic:  26/26      EV: 14    Int: 12    God:    Qazlal [******]
Gold:   1648       SH:  8    Dex: 19    Spells: 20/29 levels left

rFire    + + .     SeeInvis .   w - +7 morningstar (venom)
rCold    x x .     Gourm    +   (no shield)
rNeg     + . .     Faith    .   (armour unavailable)
rPois    .         Spirit   .   u - +2 hat
rElec    .         Reflect  .   (no cloak)
rCorr    .         Harm     .   (no gloves)
MR       +....                  (no boots)
Stlth    +.........             p - amulet "Pagg" {Gourm rF- rN+ Str+4 Dex+2}
HPRegen  0.27/turn              r - ring of fire
MPRegen  0.20/turn              F - ring of fire

@: repel missiles, very slow
A: breathe fire, unfitting armour, fire resistance 1, cold-blooded, AC +8
a: Breathe Fire, Upheaval, Elemental Force, Disaster Area, Renounce Religion


You were on level 6 of the Lair of Beasts.
You worshipped Qazlal.
Qazlal was exalted by your worship.
You were full.

You visited 3 branches of the dungeon, and saw 18 of its levels.
You also visited: Labyrinth and Ossuary.

You collected 1648 gold pieces.

Inventory:

Hand Weapons
 w - a +7 morningstar of venom (weapon)
 J - a +2 arbalest of freezing
 R - a +1 hand crossbow of freezing
Missiles
 X - 4 javelins (quivered)
Armour
 u - a +2 hat (worn)
Jewellery
 j - an uncursed ring of protection from fire
 p - the amulet "Pagg" (around neck) {Gourm rF- rN+ Str+4 Dex+2}
   (You took it off a minotaur in a labyrinth)

   [amulet of the gourmand]

   It allows you to eat raw meat even when not hungry.
   It affects your strength (+4).
   It affects your dexterity (+2).
   It makes you vulnerable to fire.
   It protects you from negative energy.
 r - a ring of fire (left hand)
 t - an uncursed ring of protection from magic
 v - an uncursed ring of magical power
 F - a ring of fire (right hand)
 I - an uncursed ring of wizardry
 M - an uncursed ring of protection from cold
 V - an uncursed ring of stealth
 W - an uncursed ring of protection from cold
Wands
 a - a wand of scattershot (2)
 n - a wand of random effects (64)
 C - a wand of paralysis (23)
 K - a wand of polymorph (11)
 L - a wand of acid (2)
 N - a wand of enslavement (5)
Scrolls
 c - 11 scrolls of remove curse
 f - 4 scrolls of blinking
 g - 4 scrolls of fog
 q - 9 scrolls of teleportation
 x - a scroll of vulnerability
 y - 3 scrolls of enchant armour
 B - 3 scrolls of fear
 D - 2 scrolls of amnesia
 Q - 5 scrolls of identify
 T - 4 scrolls of magic mapping
 Z - a scroll of enchant weapon
Potions
 e - a potion of heal wounds
 h - 2 potions of haste
 i - a potion of cancellation
 k - 3 potions of lignification
 l - 2 potions of invisibility
 m - 2 potions of agility
 o - 2 potions of mutation
 z - 9 potions of curing
 A - a potion of might
 H - a potion of ambrosia
 Y - 2 potions of flight
Books
 s - a book of Annihilations

   Spells                             Type                      Level
   a - Poison Arrow                   Conjuration/Poison           6
   b - Chain Lightning                Conjuration/Air              8
   c - Lehudib's Crystal Spear        Conjuration/Earth            8
   d - Glaciate                       Conjuration/Ice              9
   e - Fire Storm                     Conjuration/Fire             9
 O - a book of the Earth

   Spells                             Type                      Level
   a - Leda's Liquefaction            Hexes/Earth                  4
   b - Bolt of Magma                  Conjuration/Fire/Earth       5
   c - Statue Form                    Transmutation/Earth          6
   d - Iron Shot                      Conjuration/Earth            6
   e - Shatter                        Earth                        9
Comestibles
 b - 25 rations


   Skills:
 - Level 3.6 Fighting
 - Level 16.0 Maces & Flails
 - Level 3.0 Dodging
 - Level 2.1 Stealth
 - Level 8.0 Spellcasting
 + Level 12.4 Conjurations
 + Level 14.5 Fire Magic
 - Level 2.6 Invocations


You had 20 spell levels left.
You knew the following spells:

 Your Spells              Type           Power        Failure   Level  Hunger
a - Fire Storm            Conj/Fire      ######....   100%        9    #######


Dungeon Overview and Level Annotations

Branches:
Dungeon (10/15)            Temple (0/1) D:7            Lair (6/6) D:10
  Swamp (0/4) Lair:4       Spider (0/4) Lair:2        Slime (0/5) Lair:6
    Orc (2/2) D:9             Elf (0/3) Orc:2

Altars:
Fedhas
Makhleb
Nemelex Xobeh
Qazlal
Sif Muna
Trog
Uskayaw
Vehumet
Wu Jian
Xom
Yredelemnul
Beogh
Jiyva

Shops:
D:10 [   Orc:2 [%%*


Innate Abilities, Weirdness & Mutations

You can breathe blasts of fire.
Your fiery red scales are hard. (AC +8)
You cannot fit into any form of body armour.
Your flesh is heat resistant. (rF+)
You are cold-blooded and may be slowed by cold attacks.


Message History

The tyrant leech draws strength from your injuries!
The tyrant leech bites you!!
* * * LOW HITPOINT WARNING * * *
The tyrant leech draws strength from your injuries!
Unknown command.
Evoke which item? (* to show all) (? for menu, Esc to quit)
Okay, then.
Evoke which item? (* to show all) (? for menu, Esc to quit)
Aiming: Scattershot
Press: ? - help, Shift-Dir - straight line, f - tyrant leech
Aim: a tyrant leech (heavily wounded, poisoned)
The burst of metal fragments hits the tyrant leech. x4
The tyrant leech is heavily wounded.
The tyrant leech bites you.
* * * LOW HITPOINT WARNING * * *
The tyrant leech draws strength from your injuries!
You feel much better.
Your unstable footing causes you to fumble your attack.
The tyrant leech bites you!!
You die...

≈≈≈≈.###≈...≈...≈.[......# ##
≈≈≈###....≈..P..≈...≈...#. #P
####.≈.≈....≈≈≈≈≈≈..≈..... #P
....≈P≈≈≈≈≈≈≈≈≈#≈≈≈≈≈..≈.. ##
.P≈.≈≈≈≈≈≈≈≈≈≈.###≈≈≈≈P≈.≈ ##.
..P≈≈≈≈≈≈≈≈≈≈≈###≈≈P≈≈≈≈≈. #.#
.≈≈≈≈P≈≈≈≈≈≈####≈≈P≈≈≈≈≈≈≈ ##.
..≈≈≈≈≈≈≈≈≈≈≈≈≈#w§P≈≈≈≈..# ## #..
.≈≈≈≈≈≈≈≈≈≈≈.≈§≈@≈§≈≈.######. ##P
.≈≈≈≈≈≈≈≈≈≈≈P.P≈########P#≈≈.##..
P≈≈≈≈≈≈≈≈≈≈≈.P≈PPP##P##≈≈≈≈≈P#...
.≈≈≈≈≈≈≈≈≈≈.≈P...PP.≈PP≈≈≈≈≈.....
≈≈≈≈≈≈≈≈≈≈≈≈P.:..≈≈≈≈≈≈≈≈≈≈≈.≈...
≈P≈≈≈≈≈P≈≈.≈≈.).PP≈.≈P≈≈P≈≈≈.....
P≈≈≈P≈≈≈#≈##≈≈P≈PP.≈≈≈≈≈≈≈≈≈≈....
P≈≈≈≈. # ###PP..≈≈≈≈≈≈≈≈≈≈≈....
≈≈#### ..≈≈≈≈≈≈≈≈≈≈≈≈≈≈≈≈≈≈....


You could see a tyrant leech.

Vanquished Creatures
  Gastronok (Lair:1)
  An orc warlord (Orc:1)
  A minotaur (Lab)
  4 ogre magi
  5 hydras
  21 two-headed ogres
  5 death yaks (Lair:5)
  Urug (Lair:3)
  2 oklob plants (Lair:4)
  An orc sorcerer (Orc:1)
  5 elephants
  5 black mambas
  20 spiny frogs
  Psyche (D:8)
  3 komodo dragons
  A rime drake (Lair:4)
  3 tyrant leeches (Lair:6)
  Grinder (D:3)
  3 trolls
  15 blink frogs (Lair:6)
  3 hippogriffs
  A wraith (D:10)
  16 yaks
  A basilisk (Lair:3)
  A wyvern (Lair:4)
  Grum (D:8)
  6 vampire mosquitoes
  2 hungry ghosts
  A two-headed ogre zombie (D:9)
  A warg (Orc:1)
  3 water moccasins
  The ghost of moonlyer the Magician, an amateur DEWz (D:3)
  2 black bears
  5 porcupines
  14 orc warriors
  Purgy (D:3)
  3 ice beasts
  2 necrophages (D:7)
  3 phantoms
  5 sky beasts
  12 wolves
  4 centaurs
  8 crocodiles
  35 ogres
  3 big kobolds
  23 bullfrogs
  A gnoll sergeant (D:9)
  A water moccasin zombie (D:10)
  2 troll zombies (D:9)
  4 scorpions
  3 wights (D:6)
  2 howler monkeys
  2 electric eels
  5 crimson imps
  A bullfrog zombie (D:10)
  A centaur zombie (D:6)
  A bullfrog skeleton (D:3)
  8 orc priests
  4 jellies
  2 centaur skeletons
  7 hounds
  Terence (D:2)
  4 iguanas
  19 orc wizards
  7 worker ants
  2 hell rats (Lair:2)
  5 ogre zombies (D:9)
  3 hound skeletons
  3 mummies
  A worker ant zombie (D:8)
  A howler monkey zombie (D:5)
  Robin (D:1)
  9 gnolls
  10 adders
  5 river rats (Lair:2)
  A shadow imp (D:5)
  4 adder skeletons
  An adder zombie (D:8)
  4 worms
  A dart slug (D:1)
  6 leopard geckos
  71 orcs
  A ball python (D:6)
  9 giant cockroaches
  14 goblins
  8 hobgoblins
  23 jackals
  6 quokkas
  5 bats
  7 frilled lizards
  5 gnoll skeletons (Ossuary)
  3 gnoll zombies (Ossuary)
  A goblin skeleton (D:9)
  4 goblin zombies (Ossuary)
  A hobgoblin skeleton (Ossuary)
  4 hobgoblin zombies
  24 kobolds
  3 kobold skeletons (Ossuary)
  2 kobold zombies (Ossuary)
  11 orc skeletons
  20 orc zombies
  2 quokka skeletons
  A quokka zombie (D:9)
  8 rats
  A rat skeleton (Ossuary)
  A plant (Lair:4)
623 creatures vanquished.

Vanquished Creatures (others)
  Menkaure (Ossuary)
  A mummy (Ossuary)
  An orc (Orc:1)
  4 gnoll skeletons (Ossuary)
  A goblin skeleton (Ossuary)
  2 hobgoblin skeletons (Ossuary)
  6 hobgoblin zombies (Ossuary)
  3 kobold skeletons (Ossuary)
  A kobold zombie (Ossuary)
  An orc skeleton (Ossuary)
  2 orc zombies (Ossuary)
  A rat skeleton (Ossuary)
  A rat zombie (Ossuary)
  A fungus (Lair:6)
  30 plants
56 creatures vanquished.

Grand Total: 679 creatures vanquished

Notes
Turn   | Place    | Note
-------+----------+-------------------------------------------
     0 | D:1      | GuyWithAPlan the Draconian Monk began the quest for the Orb.
     0 | D:1      | Reached XP level 1. HP: 19/19 MP: 1/1
   168 | D:1      | Reached XP level 2. HP: 22/26 MP: 2/2
   500 | D:1      | Reached XP level 3. HP: 32/33 MP: 3/3
   669 | D:2      | Noticed Robin
   980 | D:1      | Killed Robin
   980 | D:1      | Reached skill level 4 in Maces & Flails
  1405 | D:2      | Noticed Terence
  1424 | D:2      | Killed Terence
  1424 | D:2      | Reached XP level 4. HP: 5/40 MP: 4/4
  2191 | D:3      | Found a stormy altar of Qazlal.
  2223 | D:3      | Became a worshipper of Qazlal Stormbringer
  2223 | D:3      | Reached * piety under Qazlal
  2223 | D:3      | Reached ** piety under Qazlal
  2314 | D:3      | Noticed Purgy
  2347 | D:3      | Killed Purgy
  2347 | D:3      | Reached skill level 5 in Maces & Flails
  2347 | D:3      | Reached XP level 5. HP: 22/46 MP: 5/5
  2361 | D:3      | Reached skill level 6 in Maces & Flails
  2662 | D:3      | Noticed moonlyer's ghost (amateur DEWz)
  2679 | D:3      | Killed moonlyer's ghost
  2679 | D:3      | Reached XP level 6. HP: 18/52 MP: 6/6
  3090 | D:3      | Reached skill level 7 in Maces & Flails
  3305 | D:3      | Noticed Grinder
  3321 | D:3      | Killed Grinder
  3321 | D:3      | Reached skill level 8 in Maces & Flails
  3321 | D:3      | Your scales start taking on a fiery red colour.
  3321 | D:3      | Reached XP level 7. HP: 33/58 MP: 7/7
  3321 | D:3      | Gained mutation: Your flesh is heat resistant. (rF+) [Red Draconian growth]
  3362 | D:3      | Found a deep blue altar of Sif Muna.
  3371 | D:3      | Found a basalt altar of Yredelemnul.
  3371 | D:3      | Found a blossoming altar of Fedhas.
  3372 | D:3      | Found a sparkling altar of Nemelex Xobeh.
  4197 | D:4      | Reached skill level 9 in Maces & Flails
  4343 | D:4      | Reached *** piety under Qazlal
  4369 | D:4      | Found an ornate altar of the Wu Jian Council.
  4584 | D:5      | Entered Level 5 of the Dungeon
  4705 | D:5      | Reached XP level 8. HP: 58/66 MP: 8/8
  4856 | D:5      | Reached skill level 10 in Maces & Flails
  5147 | D:6      | Reached skill level 11 in Maces & Flails
  5171 | D:6      | Reached **** piety under Qazlal
  5190 | D:6      | Reached XP level 9. HP: 44/71 MP: 9/9
  5380 | D:6      | Found a hide-covered altar of Uskayaw.
  5381 | D:6      | Found a radiant altar of Vehumet.
  5393 | D:6      | Reached skill level 12 in Maces & Flails
  5467 | D:6      | Found a sand-covered staircase.
  5486 | Ossuary  | Entered an ossuary
  5742 | Ossuary  | Killed Menkaure
  6189 | D:6      | Noticed a two-headed ogre
  6216 | D:6      | Killed a two-headed ogre
  6216 | D:6      | Reached skill level 13 in Maces & Flails
  6598 | D:7      | Reached ***** piety under Qazlal
  6754 | D:7      | Reached XP level 10. HP: 32/77 MP: 10/10
  7059 | D:7      | Learned a level 9 spell: Fire Storm
  7125 | D:7      | Found a staircase to the Ecumenical Temple.
  7247 | D:8      | Found a shimmering altar of Xom.
  7253 | D:8      | Found a burning altar of Makhleb.
  7527 | D:8      | Noticed Grum
  7533 | D:8      | Reached skill level 14 in Maces & Flails
  7543 | D:8      | Reached skill level 1 in Fire Magic
  7549 | D:8      | Reached skill level 1 in Conjurations
  7827 | D:8      | Killed Grum
  7836 | D:8      | Noticed Psyche
  7849 | D:8      | Paralysed by Psyche for 7 turns
  7852 | D:8      | Killed Psyche
  8528 | D:9      | Noticed a two-headed ogre
  8762 | D:8      | Killed a two-headed ogre
  8797 | D:9      | Reached skill level 15 in Maces & Flails
  9374 | D:9      | Found a staircase to the Orcish Mines.
  9389 | D:9      | Reached ****** piety under Qazlal
  9640 | D:10     | Entered Level 10 of the Dungeon
  9647 | D:10     | Noticed a two-headed ogre
  9650 | D:10     | Killed a two-headed ogre
  9650 | D:10     | Reached XP level 11. HP: 41/82 MP: 11/11
 10130 | Orc:1    | Entered Level 1 of the Orcish Mines
 10130 | Orc:1    | Noticed a two-headed ogre
 10137 | Orc:1    | Noticed an orc sorcerer
 10137 | Orc:1    | Killed a two-headed ogre
 10583 | Orc:1    | Noticed a soul eater
 10586 | Orc:1    | Killed an orc sorcerer
 10602 | Orc:1    | Reached skill level 5 in Fire Magic
 10610 | Orc:1    | Reached skill level 16 in Maces & Flails
 11111 | Orc:1    | Found a roughly hewn altar of Beogh.
 11381 | Orc:2    | Entered Level 2 of the Orcish Mines
 11409 | Orc:2    | Noticed an orc warlord
 11450 | Orc:1    | Killed an orc warlord
 11450 | Orc:1    | Reached skill level 5 in Conjurations
 11500 | Orc:2    | Found a bloodstained altar of Trog.
 11508 | Orc:2    | Found a labyrinth entrance.
 11517 | Lab      | Entered a labyrinth
 11981 | Lab      | Noticed a minotaur
 11988 | Lab      | Killed a minotaur
 11990 | Lab      | Got a fine ivory amulet
 12020 | Lab      | Identified the amulet "Pagg" {Gourm rF- rN+ Str+4 Dex+2} (You took it off a minotaur in a labyrinth)
 12314 | Orc:2    | Noticed a two-headed ogre
 12319 | Orc:2    | Noticed a two-headed ogre
 12323 | Orc:2    | Killed a two-headed ogre
 12699 | Orc:2    | Noticed a two-headed ogre
 13036 | Orc:2    | Noticed a two-headed ogre
 13047 | Orc:2    | Killed a two-headed ogre
 13049 | Orc:2    | Noticed a two-headed ogre
 13364 | Orc:2    | Noticed an ogre mage
 13365 | Orc:2    | Noticed a two-headed ogre
 13413 | Orc:2    | Noticed a two-headed ogre
 13424 | Orc:1    | Killed a two-headed ogre
 13424 | Orc:1    | Reached XP level 12. HP: 43/91 MP: 12/12
 13621 | Orc:2    | Noticed a two-headed ogre
 13621 | Orc:2    | Noticed a two-headed ogre
 13624 | Orc:2    | Noticed a two-headed ogre
 13627 | Orc:1    | Killed a two-headed ogre
 13654 | Orc:1    | Killed an ogre mage
 13918 | Orc:1    | Killed a two-headed ogre
 13918 | Orc:1    | Killed a two-headed ogre
 13918 | Orc:1    | Reached skill level 1 in Invocations
 13944 | Orc:1    | Killed a two-headed ogre
 13950 | Orc:1    | Reached skill level 10 in Fire Magic
 14282 | Orc:2    | Noticed a two-headed ogre
 14283 | Orc:2    | Noticed a two-headed ogre
 14486 | Orc:1    | Killed a two-headed ogre
 14536 | Orc:2    | Noticed an ogre mage
 14545 | Orc:1    | Killed a two-headed ogre
 14702 | Orc:2    | Noticed a two-headed ogre
 14723 | Orc:1    | Killed a two-headed ogre
 14729 | Orc:1    | Killed an ogre mage
 14961 | Orc:2    | Noticed a two-headed ogre
 15022 | Orc:1    | Killed a two-headed ogre
 15032 | Orc:1    | Killed a two-headed ogre
 15384 | Orc:2    | Noticed an ogre mage
 15395 | Orc:2    | Killed an ogre mage
 15578 | Orc:2    | Found Godghunaa's Food Shoppe.
 15578 | Orc:2    | Found Annof's General Store.
 15579 | Orc:2    | Found Bar Pak's Armour Shop.
 15579 | Orc:2    | Found Gidyrphiede's Food Shoppe.
 15590 | Orc:2    | Found a staircase to the Elven Halls.
 15604 | Orc:2    | Noticed a two-headed ogre
 15607 | Orc:2    | Noticed an ogre mage
 15617 | Orc:2    | Killed a two-headed ogre
 15622 | Orc:2    | Killed a two-headed ogre
 15629 | Orc:2    | Killed an ogre mage
 15629 | Orc:2    | Reached skill level 10 in Conjurations
 15630 | Orc:2    | HP: 4/91 [poisoned by an ogre mage (bolt of poison)]
 15714 | Orc:2    | Reached XP level 13. HP: 23/96 MP: 14/14
 17220 | D:10     | Found Hibar's Antique Armour Emporium.
 17244 | D:10     | Found a staircase to the Lair.
 17893 | Lair:1   | Entered Level 1 of the Lair of Beasts
 18546 | Lair:1   | Noticed Gastronok
 18563 | Lair:1   | Killed Gastronok
 19571 | Lair:2   | Reached skill level 1 in Spellcasting
 19674 | Lair:2   | Found a hole to the Spider Nest.
 20062 | Lair:3   | Found a bloodstained altar of Trog.
 20823 | Lair:3   | Noticed Urug
 20842 | Lair:3   | Killed Urug
 21270 | Lair:3   | Reached skill level 5 in Spellcasting
 22063 | Lair:4   | Found a staircase to the Swamp.
 23742 | Lair:5   | Reached XP level 14. HP: 45/103 MP: 23/25
 24625 | Lair:6   | Entered Level 6 of the Lair of Beasts
 24625 | Lair:6   | Found a staircase to the Slime Pits.
 24625 | Lair:6   | Found a viscous altar of Jiyva.
 25604 | Lair:5   | HP: 5/103 [poisoned by a spiny frog]
 25609 | Lair:5   | HP: 4/103 [poisoned by a spiny frog]
 25614 | Lair:5   | HP: 3/103 [poisoned by a spiny frog]
 25621 | Lair:5   | HP: 3/103 [poisoned by a spiny frog]
 25629 | Lair:5   | HP: 3/103 [poisoned by a spiny frog]
 29098 | Lair:6   | HP: 5/103 [tyrant leech (33)]
 29099 | Lair:6   | HP: 1/103 [tyrant leech (4)]
 29101 | Lair:6   | Mangled by a tyrant leech

Skill      XL: |  1  2  3  4  5  6  7  8  9 10 11 12 13 14 |
---------------+-------------------------------------------+-----
Stealth        | 2 |  2.1
Dodging        | 3 |  3.0
Maces & Flails | 4 5 6 8 9 11 13 15 16 | 16.0
Fire Magic     | 4 8 11 13 14 | 14.5
Conjurations   | 3 7 10 11 12 | 12.4
Invocations    | 2 |  2.6
Spellcasting   | 7 8 |  8.0
Fighting       | |  3.6

Action                   |  1- 3 |  4- 6 |  7- 9 | 10-12 | 13-15 || total
-------------------------+-------+-------+-------+-------+-------++-------
Melee: Mace              |   134 |   137 |    78 |       |       ||   349
       Tailslap          |    15 |    15 |    51 |    84 |    98 ||   263
       Unarmed           |    16 |       |       |       |       ||    16
       Whip              |       |       |    63 |       |       ||    63
       Morningstar       |       |       |   234 |   503 |   610 ||  1347
Invok: Upheaval          |       |       |       |     3 |     1 ||     4
 Abil: Breathe Fire      |       |       |     1 |     9 |     7 ||    17
Evoke: Wand              |       |       |     3 |    16 |    20 ||    39
  Use: Potion            |       |     4 |       |     5 |     4 ||    13
       Scroll            |       |       |    10 |     9 |     7 ||    26
 Stab: Sleeping          |     3 |     3 |       |       |       ||     6
  Eat: Chunk             |     1 |     3 |     9 |    30 |    38 ||    81
       Ration            |       |     1 |     1 |     3 |     1 ||     6
Armor: Skin              |    34 |    53 |    79 |   117 |   116 ||   399
Dodge: Dodged            |   148 |   111 |   157 |   300 |   279 ||   995
       Deflected         |       |       |     1 |    12 |       ||    13
Block: Other             |       |    13 |    60 |   160 |   169 ||   402
